 Dungeon Crawl Stone Soup version 0.20.0-15-g7f486f2 (webtiles) character file.

7996 Manul the Covert (level 11, -10/75 HPs)
             Began as an Octopode Abyssal Knight on June 10, 2017.
             Was a Priest of Lugonu.
             Mangled by a starcursed mass (14 damage)
             ... on level 1 of the Abyss.
             The game lasted 00:11:26 (9112 turns).

Manul the Covert (Octopode Abyssal Knight)          Turns: 9112, Time: 00:11:27

Health: -10/75     AC:  4    Str: 15    XL:     11   Next: 24%
Magic:  0/15       EV: 16    Int: 15    God:    Lugonu [***...]
Gold:   679        SH:  0    Dex: 15    Spells: 10/10 levels left

rFire    + . .     SeeInvis .   g - +4 rapier (drain)
rCold    + . .     Gourm    .   (no shield)
rNeg     . . .     Faith    .   (helmet restricted)
rPois    .         Spirit   +   e - amulet of guardian spirit
rElec    .         Reflect  .   v - ring of stealth
rCorr    .         Harm     .   A - ring of protection from magic
MR       +....                  D - +4 ring of strength
Stlth    ++++++++..             y - +3 ring of protection
Regen    0.7/turn               (no ring)
MPRegen  0.2/turn               (no ring)
                                (no ring)
                                (no ring)

@: berserk cooldown, slowed, very slow
A: almost no armour, stealthy swim, amphibious, 8 rings, constrict 8, antennae
1, camouflage 2, cold resistance 1, fire resistance 1, regeneration 1,
gelatinous body 1, evolution 1
a: Depart the Abyss, Bend Space, Banish, Renounce Religion


You were on level 1 of the Abyss.
You worshipped Lugonu.
Lugonu was most pleased with you.
You were not hungry.

You visited 1 branch of the dungeon, and saw 9 of its levels.
You visited the Abyss 2 times.

You collected 679 gold pieces.

Inventory:

Hand Weapons
 a - a +1 short sword
 g - a +4 rapier of draining (weapon)
 t - the +1 flail "Beast's Demise" {drain, rC++ rN+ Int+2 Dex-5}
   (You found it on level 8 of the Dungeon)

   A truly terrible weapon, it drains the life of those it strikes.
   It affects your intelligence (+2).
   It affects your dexterity (-5).
   It greatly protects you from cold.
   It protects you from negative energy.
Armour
 C - a +0 buckler
Jewellery
 e - an amulet of guardian spirit (around mantle)
 v - a ring of stealth (left tentacle)
 y - a +3 ring of protection (on tentacle)
 A - a ring of protection from magic (right tentacle)
 D - a +4 ring of strength (on tentacle)
Wands
 d - a wand of polymorph (18/24)
 w - a wand of digging (13/24)
 z - a wand of iceblast (12/15)
 E - a wand of digging (7/24)
 F - a wand of iceblast (4/15)
 G - a wand of clouds (6/9)
 J - a wand of polymorph (10/24)
 K - a wand of polymorph (10/24)
Scrolls
 i - 3 scrolls of amnesia {unknown}
 k - 2 scrolls of recharging {unknown}
 n - 12 scrolls of identify
 q - 2 scrolls of enchant armour
 r - a scroll of enchant weapon
 u - 2 scrolls of remove curse
 H - 2 scrolls of blinking
 M - a scroll of brand weapon {unknown}
 P - a scroll of teleportation
Potions
 j - a potion of magic {unknown}
 m - a potion of ambrosia {unknown}
 p - 3 potions of might
 s - 3 potions of curing
 I - 2 potions of flight {unknown}
 L - a potion of brilliance
 N - a potion of haste
Books
 c - a book of Changes

   Spells                             Type                      Level
   a - Beastly Appendage              Transmutation                1
   b - Sticks to Snakes               Transmutation                2
   c - Spider Form                    Transmutation/Poison         3
   d - Ice Form                       Ice/Transmutation            4
   e - Blade Hands                    Transmutation                5
 O - a book of Transfigurations

   Spells                             Type                      Level
   a - Irradiate                      Conjuration/Transmutation    5
   b - Statue Form                    Transmutation/Earth          6
   c - Hydra Form                     Transmutation                6
   d - Dragon Form                    Transmutation                7
Comestibles
 b - 5 bread rations
 h - 8 meat rations
 l - 8 fruits
 o - 13 royal jellies


   Skills:
 + Level 7.2 Fighting
 + Level 10.4 Short Blades
 + Level 5.7 Dodging
 * Level 12.5 Stealth
 * Level 6.5 Invocations


You had 10 spell levels left.
You didn't know any spells.

Dungeon Overview and Level Annotations

Branches:
Dungeon (9/15)             Temple (0/1) D:6            Lair (0/6) D:9
    Orc: D:9-12

Altars:
Fedhas
Okawaru
Trog


Innate Abilities, Weirdness & Mutations

You cannot wear most types of armour.
You are very stealthy in the water. (Stealth+)
You are amphibious.
You can wear up to eight rings at the same time.
You can use your tentacles to constrict eight enemies at once.
Your skin blends seamlessly with your surroundings (Stealth++).
Your rubbery body absorbs attacks. (AC +1, EV +1)
You have a pair of small antennae on your head.
Your flesh is cold resistant. (rC+)
Your flesh is heat resistant. (rF+)
Your natural rate of healing is unusually fast.
You evolve.


Message History

* * * LOW HITPOINT WARNING * * *
The starcursed mass engulfs you but does no damage.
You hit the starcursed mass.
You squeeze the starcursed mass, but do no damage.
The starcursed mass is heavily damaged.
The starcursed mass shudders and is absorbed by its neighbour.
A starcursed mass splits.
The starcursed mass engulfs you.
* * * LOW HITPOINT WARNING * * *
The starcursed mass engulfs you.
* * * LOW HITPOINT WARNING * * *
The starcursed mass engulfs you!
* * * LOW HITPOINT WARNING * * *
The starcursed mass closely misses you.
The starcursed mass engulfs you but does no damage.
The neqoxec shouts!
You hit the starcursed mass.
The starcursed mass is heavily damaged.
The starcursed mass shudders and is absorbed by its neighbour.
The starcursed mass barely misses you. The starcursed mass engulfs you!
You die...

.# #≈≈ # #..
. ..# #
##§#.. #.
##.#.#
#..#....##
#...X..# .
#..##@###..#
..# # #.X..#
#. . #3##.#
.#.. ##...#
#. . #
##..#. # .
## # .# #..
#. .. #.. .
... # ##.
#..### # ###
## #. ..#
..# .


You could see 2 starcursed masses and a neqoxec.

Vanquished Creatures
  3 two-headed ogres
  A sixfirhy (Abyss:1)
  Pikel (D:7)
  A hornet (D:8)
  The ghost of Ios the Covert, a novice SpEn of Dithmenos (D:5)
  A hippogriff (D:7)
  A wyvern (D:8)
  A hungry ghost (D:9)
  Menkaure (D:5)
  2 soldier ants (D:8)
  A water moccasin (D:6)
  An orc warrior (D:9)
  3 ice beasts (D:9)
  2 black bears
  5 ogres
  4 starcursed masses (Abyss:1)
  4 centaurs
  A gnoll sergeant (D:4)
  3 bullfrogs
  2 small abominations (Abyss:1)
  3 crimson imps
  3 hounds
  2 jellies
  2 orc priests
  4 gnoll shamans (D:5)
  7 orc wizards
  2 bullfrog skeletons
  2 centaur skeletons
  2 iguanas (D:4)
  Terence (D:3)
  5 worker ants
  3 hound skeletons
  A worker ant zombie (D:7)
  12 adders
  45 gnolls
  4 shadow imps
  An ufetubus (Abyss:1)
  An ooze (D:7)
  2 adder skeletons
  4 dart slugs
  7 leopard geckos
  23 orcs
  5 giant cockroaches
  8 goblins
  8 hobgoblins
  16 jackals (D:5)
  7 quokkas
  3 ball pythons
  5 bats
  7 frilled lizards
  3 kobolds
  A leopard gecko skeleton (D:6)
  3 leopard gecko zombies
  A quokka skeleton (D:5)
  A quokka zombie (D:8)
  4 rats
247 creatures vanquished.

Notes
Turn   | Place    | Note
-------+----------+-------------------------------------------
     0 | Abyss:1  | Manul the Octopode Abyssal Knight began the quest for the Orb.
     0 | Abyss:1  | Reached XP level 1. HP: 16/16 MP: 2/2
    63 | Abyss:2  | Found a corrupted altar of Lugonu.
   115 | Abyss:3  | Identified a scroll of acquirement
   127 | Abyss:3  | Noticed a ynoxinul
   131 | D:1      | Escaped the Abyss
   235 | D:1      | Reached XP level 2. HP: 20/21 MP: 3/3
   251 | D:1      | Reached * piety under Lugonu
   470 | D:1      | Reached XP level 3. HP: 23/26 MP: 4/4
  1109 | D:2      | You fall through a shaft for 2 floors!
  1139 | D:3      | Reached skill level 1 in Stealth
  1139 | D:3      | Reached XP level 4. HP: 29/33 MP: 3/5
  1460 | D:3      | Noticed Terence
  1469 | D:3      | Killed Terence
  1502 | D:3      | Reached XP level 5. HP: 25/37 MP: 6/6
  1822 | D:3      | Reached ** piety under Lugonu
  1822 | D:3      | Reached skill level 2 in Stealth
  2317 | D:4      | Reached skill level 3 in Stealth
  2317 | D:4      | Reached XP level 6. HP: 23/43 MP: 3/7
  2475 | D:4      | Reached skill level 4 in Stealth
  2475 | D:4      | Reached XP level 7. HP: 36/49 MP: 8/8
  2738 | D:5      | Entered Level 5 of the Dungeon
  2744 | D:5      | Noticed Ios's ghost (novice SpEn)
  2785 | D:5      | Killed Ios's ghost
  2785 | D:5      | Reached skill level 5 in Short Blades
  2785 | D:5      | Reached skill level 5 in Stealth
  3054 | D:5      | Noticed Menkaure
  3114 | D:5      | Killed Menkaure
  3114 | D:5      | Reached skill level 6 in Stealth
  3114 | D:5      | Reached XP level 8. HP: 14/54 MP: 2/9
  3484 | D:5      | Reached skill level 5 in Fighting
  3485 | D:5      | Found a bloodstained altar of Trog.
  5032 | D:5      | Reached *** piety under Lugonu
  5641 | D:6      | Reached XP level 9. HP: 38/62 MP: 7/10
  5764 | D:6      | Reached skill level 7 in Stealth
  6047 | D:6      | Found a staircase to the Ecumenical Temple.
  6329 | D:7      | Found a blossoming altar of Fedhas.
  6501 | D:7      | Reached **** piety under Lugonu
  6742 | D:7      | Noticed Pikel
  6750 | D:7      | Killed Pikel
  6750 | D:7      | Reached skill level 8 in Stealth
  6958 | D:7      | Reached skill level 9 in Stealth
  7152 | D:8      | Reached XP level 10. HP: 36/69 MP: 6/13
  7224 | D:8      | Reached skill level 5 in Dodging
  7229 | D:8      | Reached skill level 10 in Stealth
  7259 | D:8      | Noticed a two-headed ogre
  7263 | D:8      | Killed a two-headed ogre
  7270 | D:8      | Found an iron altar of Okawaru.
  7382 | D:8      | Reached skill level 5 in Invocations
  7397 | D:8      | Reached skill level 11 in Stealth
  7791 | D:8      | Got an iridescent flail
  7792 | D:8      | Identified the cursed +1 flail "Beast's Demise" {drain, rC++ rN+ Int+2 Dex-5} (You found it on level 8 of the Dungeon)
  8185 | D:9      | Reached ***** piety under Lugonu
  8199 | D:9      | Gained mutation: Your flesh is heat resistant. (rF+) [potion of mutation]
  8199 | D:9      | Gained mutation: You are occasionally teleported next to monsters. [potion of mutation]
  8199 | D:9      | Gained mutation: Your mind is acute. (Int +2) [potion of mutation]
  8199 | D:9      | Gained mutation: Your flesh is very heat resistant. (rF++) [potion of mutation]
  8200 | D:9      | Lost mutation: Your mind is acute. (Int +2) [potion of mutation]
  8200 | D:9      | Lost mutation: Your flesh is very heat resistant. (rF++) [potion of mutation]
  8200 | D:9      | Gained mutation: Your natural rate of healing is unusually fast. [potion of mutation]
  8200 | D:9      | Gained mutation: You are agile. (Dex +2) [potion of mutation]
  8200 | D:9      | Gained mutation: You expend magic power (3 MP) to strengthen your wands. [potion of mutation]
  8200 | D:9      | Gained mutation: You possess an exceptional clarity of mind. [potion of mutation]
  8201 | D:9      | Lost mutation: You are agile. (Dex +2) [potion of mutation]
  8201 | D:9      | Lost mutation: Your flesh is heat resistant. (rF+) [potion of mutation]
  8201 | D:9      | Lost mutation: You expend magic power (3 MP) to strengthen your wands. [potion of mutation]
  8201 | D:9      | Lost mutation: You are occasionally teleported next to monsters. [potion of mutation]
  8201 | D:9      | Lost mutation: You possess an exceptional clarity of mind. [potion of mutation]
  8201 | D:9      | Gained mutation: Your flesh is cold resistant. (rC+) [potion of mutation]
  8201 | D:9      | Gained mutation: You evolve. [potion of mutation]
  8201 | D:9      | Gained mutation: Your flesh is heat resistant. (rF+) [potion of mutation]
  8201 | D:9      | Gained mutation: You have a pair of small antennae on your head. [potion of mutation]
  8273 | D:9      | Found a staircase to the Lair.
  8531 | D:9      | Gained mutation: Your skin blends seamlessly with your surroundings (Stealth++). [evolution]
  8685 | D:9      | Noticed a two-headed ogre
  8701 | D:9      | Killed a two-headed ogre
  8701 | D:9      | Reached skill level 10 in Short Blades
  8701 | D:9      | Reached skill level 12 in Stealth
  8799 | D:9      | Noticed a two-headed ogre
  8815 | D:9      | Killed a two-headed ogre
  8815 | D:9      | Reached XP level 11. HP: 56/75 MP: 10/15
  8975 | Abyss:1  | Noticed a thrashing horror
  9080 | Abyss:1  | Noticed a sixfirhy
  9080 | Abyss:1  | Noticed a starcursed mass
  9088 | Abyss:1  | Killed a sixfirhy
  9096 | Abyss:1  | Killed a starcursed mass
  9097 | Abyss:1  | HP: 1/112 [starcursed mass (6)]
  9100 | Abyss:1  | Killed a starcursed mass
  9112 | Abyss:1  | Mangled by a starcursed mass

Skill      XL: |  1  2  3  4  5  6  7  8  9 10 |
---------------+-------------------------------+-----
Short Blades   | 3 4 6 7 9 10 | 10.4
Stealth        | 1 3 4 6 9 12 | 12.5
Fighting       | 4 5 6 7 |  7.2
Dodging        | 3 4 5 |  5.7
Invocations    | 4 6 |  6.5

Action                   |  1- 3 |  4- 6 |  7- 9 | 10-12 || total
-------------------------+-------+-------+-------+-------++-------
Melee: Rapier            |    65 |    71 |   311 |   177 ||   624
       Constrict         |    17 |    11 |    76 |    20 ||   124
       Tentacles         |     6 |    10 |    51 |    45 ||   112
Invok: Depart the Abyss  |     1 |       |       |       ||     1
       Enter the Abyss   |       |       |       |     1 ||     1
  Use: Scroll            |     1 |     2 |     8 |     6 ||    17
       Potion            |       |       |     9 |     6 ||    15
 Stab: Sleeping          |     2 |     9 |    13 |    11 ||    35
       Distracted        |       |     1 |     5 |     1 ||     7
  Eat: Chunk             |     1 |     4 |    15 |     8 ||    28
Armor: Skin              |     1 |     1 |     9 |    17 ||    28
Dodge: Dodged            |    44 |    43 |   195 |    87 ||   369
